 Dungeon Crawl Stone Soup version 0.30-a0-23-ge60ba3568b (webtiles) character file.

Game seed: 330419699516289323

2 xian the Firebug (level 1, -2/11 HPs)
             Began as an Octopode Wanderer on Aug 26, 2022.
             Slain by a kobold
             ... wielding a +0 short sword
              (5 damage)
             ... on level 1 of the Dungeon.
             The game lasted 00:00:30 (44 turns).

xian the Firebug (Octopode Wanderer)                  Turns: 44, Time: 00:00:31

Health: -2/11      AC:  1    Str: 10    XL:     1   Next: 30%
Magic:  1/2        EV: 12    Int: 18    God:
Gold:   0          SH:  0    Dex:  8    Spells: 1/2 levels left

rFire   . . .      SeeInvis .    a - +0 club
rCold   . . .      Faith    .    (no shield)
rNeg    . . .      Spirit   .    c - +0 hat
rPois   .          Reflect  .    (no amulet)
rElec   .          Harm     .    (no ring)
rCorr   .          Rampage  .    (no ring)
Will    .....                    (no ring)
Stlth   +++.......               (no ring)
HPRegen 0.03/turn                (no ring)
MPRegen 0.08/turn                (no ring)
                                 (no ring)
                                 (no ring)

@: no status effects
A: almost no armour, amphibious, 8 rings, camouflage 1, gelatinous body 1,
(nimble swimmer 1), tentacles
a: no special abilities


You were on level 1 of the Dungeon.
You visited 1 branch of the dungeon, and saw 1 of its levels.

Inventory:

Hand Weapons
 a - a +0 club (weapon)
Armour
 c - a +0 hat (worn)
Potions
 b - 2 potions of might


   Skills:
 + Level 2.6 Stealth
 + Level 1.0 Spellcasting
 + Level 4.1 Fire Magic
 + Level 2.0 Ice Magic
 + Level 1.0 Invocations


You had one spell level left.
You knew the following spells:

 Your Spells              Type           Power      Damage    Failure   Level
a - Foxfire               Conj/Fire      32%        2x1d5     9%          1

Your spell library contained the following spells:

 Spells                   Type           Power      Damage    Failure   Level
 Freeze                   Ice            32%        1d5       9%          1
 Frozen Ramparts          Ice            16%        1d3       26%         3
 Inner Flame              Hex/Fire       8%         N/A       26%         3
 Flame Wave               Conj/Fire      8%         2d5       65%         4


Dungeon Overview and Level Annotations

Branches:
Dungeon (1/15)

Altars:


Innate Abilities, Weirdness & Mutations

You cannot wear most types of armour.
You are amphibious.
You can wear up to eight rings at the same time.
Your skin changes colour to match your surroundings (Stealth+).
Your rubbery body absorbs attacks. (AC +1, EV +1)
((You are camouflaged when in or above water. (Stealth+)))
You have tentacles for arms and can constrict up to eight enemies at once.


Message History

You finish memorising.
Spell assigned to 'a'.
b - 2 potions of might (gained 1)
You open the door.
There is an open door here.
A hobgoblin comes into view.
Nothing quivered!
You miscast Foxfire.
You are very lightly contaminated with residual magic.
Nothing appears to happen.
You miscast Foxfire.
Nothing appears to happen.
A kobold comes into view. It is wielding a +0 short sword.
You are out of magic!
The kobold shouts!
The hobgoblin shouts!
The kobold throws a stone.
The stone closely misses you.
You hear an angry hiss.
You hit the hobgoblin but do no damage. Your grab misses the hobgoblin.
You squeeze the hobgoblin.
You kill the hobgoblin!
A ball python comes into view.
An endoplasm comes into view.
You see here a hobgoblin corpse.
The kobold throws a stone.
The stone hits you.
Your magical contamination has completely faded away.
The kobold throws a stone.
The stone barely misses you.
You see here a hobgoblin corpse.
The kobold throws a stone.
The stone barely misses you.
The endoplasm quivers.
You hit the ball python. Your grab misses the ball python.
The ball python is moderately wounded.
The kobold hits you with a +0 short sword.
The ball python bites you. The ball python grabs you.
The ball python constricts you.
You hit the ball python.
You kill the ball python!
The kobold misses you. The endoplasm freezes you.
You are frozen.
* * * LOW HITPOINT WARNING * * *
The kobold hits you with a +0 short sword.
You die...

..........############
.........'..........+
###.....#####.....>#
#.....# #....<.#
#.######.........# #...#
#.###.....# ######.# #
#.....#
####....#.######.#.....#
......J@K........#......
......#.#.#####....#####
#####..†....# ...
........#......
#####.....≈...≈.
##.≈....#... .....≈...≈.
#.#.#....... .......#.#.


You could see an endoplasm and a kobold.

Vanquished Creatures
  A hobgoblin (D:1)
  A ball python (D:1)
2 creatures vanquished.

Notes
Turn   | Place    | Note
-------+----------+-------------------------------------------
     0 | D:1      | xian the Octopode Wanderer began the quest for the Orb.
     0 | D:1      | xian set off with the following items: a +0 club, a potion
                  | of might, a +0 hat; and the following spells available to
                  | memorise: Foxfire, Freeze, Frozen Ramparts, Inner Flame,
                  | Flame Wave.
     0 | D:1      | Reached XP level 1. HP: 11/11 MP: 2/2
     2 | D:1      | Learned a level 1 spell: Foxfire
    44 | D:1      | Slain by a kobold

Illustrated notes

Levels and vault maps discovered:
D:1:      dpeg_arrival_connections, layout_basic,
          nicolae_ecumenical_lake_church, st_stairs_9,
          nicolae_kite_square_tiling_tiny

Action                   || total
-------------------------++-------
Melee: Club              ||     3
       Tentacles         ||     1
Dodge: Dodged            ||     4

Table legend: (Time is in decaauts)
 A = Elapsed time spent in this place.
 B = Non-inter-level travel time spent in this place.
 C = Inter-level travel time spent in this place.
 D = Time resting spent in this place.
 E = Time spent auto-exploring this place.
 F = Levels seen in this place.
 G = Mean time per level.
                   A        B        C        D        E       F      G
               +--------+--------+--------+--------+--------+-----+--------+
         Total |     44 |     44 |      0 |      0 |     20 |   1 |   44.0 |
       Dungeon |     44 |     44 |      0 |      0 |     20 |   1 |   44.0 |
               +--------+--------+--------+--------+--------+-----+--------+

Top non-repeatable levels by time:
     D:1: 44 daAuts
